 Dungeon Crawl Stone Soup version 0.31-a0-214-gb37851dbb3 (webtiles) character file.

Game seed: 13348584546831711965

67 qw the Shooter (level 4, 0/26 HPs)
             Began as a Gargoyle Hexslinger on July 1, 2023.
             Slain by a goblin
             ... wielding a +0 club
             ... led by Robin
              (4 damage)
             ... on level 2 of the Dungeon.
             The game lasted 00:00:25 (647 turns).

qw the Shooter (Gargoyle Hexslinger)                 Turns: 647, Time: 00:00:26

Health: 0/26       AC:  6    Str: 11    XL:     4   Next: 18%
Magic:  5/5        EV: 12    Int: 14    God:
Gold:   46         SH:  0    Dex: 20    Spells: 4/5 levels left

rFire   . . .        Y - +1 sling
rCold   . . .        (no shield)
rNeg    + . .        d - +0 leather armour
rPois   inf          (no helmet)
rElec   +            (no cloak)
rCorr   .            (no gloves)
SInv    .            (no boots)
Will    .....        (no amulet)
Stlth   +            e - +6 ring of dexterity
HPRegen 0.24/turn    (no ring)
MPRegen 0.09/turn

%: no passive effects
@: no status effects
A: sickness immunity, AC +3, negative energy resistance 1, electricity
resistance, torment resistance 1, petrification resistance
a: no special abilities


You were on level 2 of the Dungeon.
You visited 1 branch of the dungeon, and saw 2 of its levels.

You collected 106 gold pieces.
You spent 60 gold pieces at shops.


Innate Abilities, Weirdness & Mutations

You are immune to sickness and miasma.
Your stone body is resilient. (AC +3)
You are immune to poison.
You resist negative energy. (rN+)
You are resistant to electric shocks. (rElec)
You are resistant to unholy torment.
You are immune to petrification.


   Skills:
 - Level 2.0 Fighting
 + Level 4.0 Ranged Weapons
 - Level 1.5 Dodging
 - Level 1.0 Spellcasting
 - Level 2.6 Hexes


You had 4 spell levels left.
You knew the following spells:

 Your Spells              Type           Power      Damage    Failure   Level
a - Slow                  Hex            32%        N/A       12%         1

Your spell library contained the following spells:

 Spells                   Type           Power      Damage    Failure   Level
 Inner Flame              Hex/Fire       4%         N/A       52%         3
 Portal Projectile        Hex/Tloc       8%         N/A       52%         3
 Cause Fear               Hex            4%         N/A       75%         4

Inventory:

Hand Weapons
 Y - a +1 sling (weapon)
Armour
 d - a +0 leather armour (worn)
Jewellery
 e - a +6 ring of dexterity (left hand)
Scrolls
 g - a scroll of identify
Potions
 a - a potion of haste {unknown}
 h - a potion of resistance
 i - a potion of heal wounds {unknown}

Dungeon Overview and Level Annotations

Branches:
Dungeon (2/15)

Altars:

Shops:
D:1 ?

Annotations:
D:2 Robin


Message History

A kobold comes into view. It is wielding a +0 short sword.
The hobgoblin hits you but does no damage.
The goblin hits you with a +0 club.
You shoot a sling bullet. The kobold shouts!
The sling bullet hits the goblin.
The goblin is heavily wounded.
The goblin hits you but does no damage. The goblin misses you.
The hobgoblin hits you.
You shoot a sling bullet. The sling bullet hits the goblin!
You kill the goblin!
A gnoll comes into view. It is wielding a +0 club.
The hobgoblin hits you. The goblin closely misses you.
A gnoll comes into view. It is wielding a +0 club.
You shoot a sling bullet.
The sling bullet barely misses the goblin.
The gnoll shouts!
The hobgoblin no longer looks unusually strong.
The goblin no longer looks unusually strong.
The hobgoblin hits you but does no damage.
The goblin misses you.
The goblin unwields a +0 sling.
The goblin wields a +0 dagger.
The goblin hits you but does no damage.
You shoot a sling bullet. The sling bullet hits the goblin.
The goblin is severely wounded.
The hobgoblin no longer looks unusually strong.
The hobgoblin hits you. The goblin hits you but does no damage.
The goblin completely misses you.
You shoot a sling bullet. The sling bullet hits the goblin!
You kill the goblin!
The hobgoblin hits you but does no damage.
The goblin hits you with a +0 club. The rat closely misses you.
Robin roars a battlecry!
The goblins go into a battle-frenzy!
The hobgoblin barely misses you. The goblin closely misses you.
You hear a shout!
You shoot a sling bullet.
The sling bullet closely misses the rat.
The rat completely misses you. The hobgoblin barely misses you.
The goblin hits you with a +0 club.
You die...

..... ............... .
..#.##........%..... ...
.................(> ....
....#........##....
.....##....##.........).
.... ..gg...............
..)).##K#........#####..
....ggggr...............
.#####@#...............
#.##..............
#.##..............
..##...)..#.......
...#......#.......
##.........#..%.%..
#.........#...<...
#.....###.########
#..##.# .# #


You could see Robin, 2 gnolls, 2 hobgoblins, a goblin (strong), a kobold and a
rat.

Vanquished Creatures
  2 adders (D:2)
  A worm (D:2)
  A dart slug (D:1)
  4 ball pythons
  4 bats
  2 endoplasms (D:1)
  A giant cockroach (D:1)
  7 goblins (D:2)
  3 hobgoblins (D:1)
  2 jackals
  3 quokkas
  A frilled lizard (D:1)
  6 kobolds
  A rat (D:1)
38 creatures vanquished.

Notes
Turn   | Place    | Note
-------+----------+-------------------------------------------
     0 | D:1      | qw the Gargoyle Hexslinger began the quest for the Orb.
     0 | D:1      | Reached XP level 1. HP: 12/12 MP: 2/2
     0 | D:1      | 0 ||| qw: Version: 0.3-a-32-g5962c71
     0 | D:1      | 0 ||| qw: Game counter: 7542
     0 | D:1      | 0 ||| qw: Melee chars always use a shield: true
     0 | D:1      | 0 ||| qw: God list: Okawaru
     0 | D:1      | 0 ||| qw: Allow faded altars: false
     0 | D:1      | 0 ||| qw: Do Orc after clearing Dungeon:15 true
     0 | D:1      | 0 ||| qw: Do second Lair branch before Depths: true
     0 | D:1      | 0 ||| qw: Lair rune preference: random
     0 | D:1      | 0 ||| qw: Goals: Normal
     0 | D:1      | 0 ||| PLANNING D:1-11
    90 | D:1      | Reached XP level 2. HP: 16/16 MP: 3/3
   155 | D:1      | Reached skill level 3 in Ranged Weapons
   179 | D:1      | Found Keaqyosh's Magic Scroll Boutique.
   207 | D:1      | 207 ||| BUYING scroll of identify (20 gold).
   207 | D:1      | Bought a scroll of identify for 20 gold pieces
   207 | D:1      | 207 ||| BUYING scroll of identify (20 gold).
   207 | D:1      | Bought a scroll of identify for 20 gold pieces
   207 | D:1      | 207 ||| BUYING scroll of identify (20 gold).
   207 | D:1      | Bought a scroll of identify for 20 gold pieces
   207 | D:1      | 207 ||| SHOPLISTING scroll of identify (20 gold, have 2).
   207 | D:1      | 207 ||| SHOPLISTING scroll of teleportation (30 gold, have
                  | 2).
   352 | D:1      | Reached XP level 3. HP: 20/21 MP: 4/4
   475 | D:1      | 475 ||| UPGRADING to +0 leather armour.
   485 | D:1      | 485 ||| DROPPING +0 robe.
   486 | D:1      | 486 ||| UPGRADING to +6 ring of dexterity.
   487 | D:1      | 487 ||| READING scroll labelled XAAKEONGINT.
   488 | D:1      | 488 ||| READING 3 scrolls of identify.
   488 | D:1      | 488 ||| IDENTIFYING brown potion
   489 | D:1      | 489 ||| READING 2 scrolls of identify.
   489 | D:1      | 489 ||| IDENTIFYING white potion
   490 | D:1      | 490 ||| DROPPING scroll of poison.
   491 | D:1      | 491 ||| DROPPING potion of brilliance.
   526 | D:2      | 526 ||| STAIRDANCE
   630 | D:2      | Noticed Robin
   641 | D:2      | Reached skill level 4 in Ranged Weapons
   641 | D:2      | Reached XP level 4. HP: 22/26 MP: 5/5
   646 | D:2      | HP: 4/26 [goblin/+0 club[Robin] (3)]
   647 | D:2      | Slain by a goblin

Levels and vault maps discovered:
D:1:      mainiacjoe_arrival_reflecting_pool, layout_rooms, serial_shops, shop,
          minmay_tree_intersection, minmay_misc_feat_secret_circle,
          minmay_misc_feat_chi, minmay_tetromino_i2
D:2:      layout_rooms, uniq_robin

Skill      XL: |  1  2  3 |
---------------+----------+-----
Ranged Weapons | 3 4 |  4.0
Fighting       | 2 |  2.0
Dodging        | |  1.5
Spellcasting   | |  1.0
Hexes          | |  2.6

Action                     |  1- 3 |  4- 6 || total
---------------------------+-------+-------++-------
   Fire: Sling             |   104 |     7 ||   111
    Use: Scroll            |     3 |       ||     3
 Armour: Robe              |     5 |       ||     5
         Leather armour    |    26 |     7 ||    33
  Dodge: Dodged            |    46 |    11 ||    57

Table legend:
 A = Non-vault XP
 B = Vault XP
 C = Vault XP percentage of total XP
 D = Non-vault monster count
 E = Vault monster count
 F = Vault count percentage of total count
                 A         B        C        D         E       F
            +---------+---------+-------+---------+---------+-------
      Total |      82 |      15 |  15.5 |      30 |       8 |  21.1
            +---------+---------+-------+---------+---------+-------
        D:1 |      39 |       2 |   4.9 |      21 |       1 |   4.5
        D:2 |      43 |      13 |  23.2 |       9 |       7 |  43.8
            +---------+---------+-------+---------+---------+-------
